 Dungeon Crawl Stone Soup version 0.27.1 (webtiles) character file.

Game seed: 17075799112239442899

353 Destapler the Sneak (level 6, 0/55 HPs)
             Began as a Naga Conjurer on Aug 27, 2021.
             Slain by Pikel (2 damage)
             ... on level 4 of the Dungeon.
             The game lasted 00:21:43 (4029 turns).

Destapler the Sneak (Naga Conjurer)                 Turns: 4029, Time: 00:21:43

Health: 0/55       AC:  9    Str:  9    XL:     6   Next: 62%
Magic:  3/10       EV:  8    Int: 20    God:
Gold:   148        SH:  0    Dex: 10    Spells: 8/11 levels left

rFire    . . .     SeeInvis +   b - +0 dagger
rCold    . . .     Faith    .   (no shield)
rNeg     . . .     Spirit   .   a - +0 robe
rPois    +         Reflect  .   (no helmet)
rElec    .         Harm     .   e - +0 cloak
rCorr    .         Rampage  .   (no gloves)
Will     .....     Clarity  +   i - +1 barding
Stlth    +++.......             (no amulet)
HPRegen  0.18/turn              (no ring)
MPRegen  0.12/turn              (no ring)

@: mighty, very slow
A: AC +2, large, see invisible, deformed body, poison resistance, slowness 2,
spit poison 1, naga tail 1, clarity, sense surroundings 1
a: Spit Poison


You were on level 4 of the Dungeon.
You visited 1 branch of the dungeon, and saw 4 of its levels.

You collected 148 gold pieces.

Inventory:

Hand Weapons
 b - a +0 dagger (weapon)
Missiles
 j - 6 poisoned darts
Armour
 a - a +0 robe (worn)
 e - a +0 cloak (worn)
 i - a +1 barding (worn)
Scrolls
 c - 5 scrolls of identify {unknown}
 d - 2 scrolls of blinking {unknown}
 f - a scroll of noise {unknown}
 g - 2 scrolls of enchant armour {unknown}
 l - a scroll of brand weapon {unknown}
 n - a scroll of amnesia {unknown}
Potions
 h - a potion of mutation
 k - a potion of cancellation
 m - a potion of flight {unknown}
 o - a potion of lignification {unknown}
 p - a potion of attraction
 r - a potion of ambrosia {unknown}


   Skills:
 + Level 2.6 Fighting
 + Level 1.3 Armour
 + Level 2.6 Dodging
 + Level 5.2 Stealth
 + Level 3.1 Spellcasting
 - Level 4.0 Conjurations
 * Level 2.3 Ice Magic


You had 8 spell levels left.
You knew the following spells:

 Your Spells              Type           Power      Damage    Failure   Level
a - Magic Dart            Conj           76%        1d6       2%          1
b - Searing Ray           Conj           38%        3d4       4%          2

Your spell library contained the following spells:

 Spells                   Type           Power      Damage    Failure   Level
 Freeze                   Ice            48%        1d7       5%          1
 Frozen Ramparts          Ice            24%        1d4       16%         3
 Ozocubu's Armour         Ice            12%        N/A       16%         3
 Dazzling Flash           Conj/Hex       22%        N/A       19%         3
 Stone Arrow              Conj/Erth      22%        3d8       19%         3
 Hailstorm                Conj/Ice       15%        3d5       36%         4
 Fulminant Prism          Conj/Hex       5%         3d7       52%         4
 Iskenderun's Mystic Bla  Conj/Tloc      11%        2d4       52%         4
 Animate Armour           Summ/Erth      6%         N/A       80%         4
 Metabolic Englaciation   Hex/Ice        3%         N/A       94%         5
 Simulacrum               Ice/Necr       3%         N/A       100%        6
 Lehudib's Crystal Spear  Conj/Erth      5%         10d3      100%        8


Dungeon Overview and Level Annotations

Branches:
Dungeon (4/15)
 Temple: D:4-7

Altars:
Ashenzari
Cheibriados
Kikubaaqudgha

Shops:
D:3 [

Annotations:
D:4 Pikel


Innate Abilities, Weirdness & Mutations

Your serpentine skin is tough. (AC +2)
You have supernaturally acute eyesight. (SInv)
Armour fits poorly on your strangely shaped body.
Your system is resistant to poisons. (rPois)
You cover ground very slowly.
You can spit poison.
You have a snake-like lower body.
You possess an exceptional clarity of mind.
You passively map a small area around you.


Message History

Pikel barely misses you.
You barely miss Pikel.
Pikel is severely wounded.
The lemure shouts!
Pikel closely misses you.
You hit Pikel but do no damage.
Pikel is severely wounded.
You have got your breath back.
Pikel hits you with a +2 whip of flaming.
* * * LOW HITPOINT WARNING * * *
Pikel burns you.
* * * LOW HITPOINT WARNING * * *
You hit Pikel.
Pikel is severely wounded.
Pikel barely misses you.
You closely miss Pikel.
Pikel is almost dead.
Pikel hits you with a +2 whip of flaming.
* * * LOW HITPOINT WARNING * * *
Pikel burns you.
* * * LOW HITPOINT WARNING * * *
You miss Pikel.
Pikel is almost dead.
Pikel closely misses you.
You barely miss Pikel.
Pikel is almost dead.
Pikel hits you but does no damage.
You completely miss Pikel.
Pikel is almost dead.
Pikel looks more healthy.
Pikel hits you with a +2 whip of flaming.
* * * LOW HITPOINT WARNING * * *
Pikel burns you.
* * * LOW HITPOINT WARNING * * *
You hit Pikel.
Pikel is almost dead.
Pikel hits you with a +2 whip of flaming.
* * * LOW HITPOINT WARNING * * *
Pikel burns you.
You die...

*......$..
#...#... ,* ,*
...#(.### ,
#.......,
#..#..######
#..#........ *
#........... ,
######5#.....5..
*
#...@K5#..#####.
* #.######..#*
#.# #5.# , #.##
#..., , #..#
#.#.#, , , #..#
.#.# .
##..#####.#.####.
,
#.............^.
..
##..#######...#
...*


You could see Pikel and 2 lemures.

Vanquished Creatures
  A scorpion (D:4)
  A howler monkey (D:4)
  A bullfrog zombie (D:4)
  An iguana (D:3)
  Robin (D:3)
  2 gnolls (D:4)
  A howler monkey skeleton (D:4)
  8 adders
  An adder skeleton (D:4)
  2 worms
  A dart slug (D:3)
  3 ball pythons
  3 bats
  4 endoplasms
  5 giant cockroaches
  14 goblins
  6 hobgoblins
  2 jackals (D:1)
  7 kobolds
  A quokka (D:2)
  4 frilled lizards
  5 rats
74 creatures vanquished.

Notes
Turn   | Place    | Note
-------+----------+-------------------------------------------
     0 | D:1      | Destapler the Naga Conjurer began the quest for the Orb.
     0 | D:1      | Reached XP level 1. HP: 15/15 MP: 3/3
   244 | D:1      | Reached XP level 2. HP: 24/24 MP: 5/5
   250 | D:1      | Found a faded altar of an unknown god.
   272 | D:1      | Learned a level 2 spell: Searing Ray
   622 | D:1      | Reached skill level 1 in Fighting
  1248 | D:2      | Reached XP level 3. HP: 31/31 MP: 4/6
  1391 | D:2      | Reached skill level 4 in Stealth
  1637 | D:2      | Reached XP level 4. HP: 31/38 MP: 0/7
  2212 | D:3      | Found Furoal's Antique Armour Shoppe.
  2413 | D:3      | Noticed Robin
  2486 | D:3      | Found an ancient bone altar of Kikubaaqudgha.
  2512 | D:3      | Gained mutation: You passively map a small area around you.
                  | [potion of mutation]
  2512 | D:3      | Gained mutation: You possess an exceptional clarity of
                  | mind. [potion of mutation]
  2515 | D:3      | Killed Robin
  2516 | D:3      | Reached skill level 1 in Ice Magic
  2516 | D:3      | Reached XP level 5. HP: 26/45 MP: 0/9
  2966 | D:3      | Found a snail-covered altar of Cheibriados.
  3383 | D:4      | Found a broken altar of Ashenzari.
  3591 | D:4      | Reached skill level 1 in Armour
  3591 | D:4      | Reached XP level 6. HP: 52/52 MP: 2/10
  3644 | D:4      | Reached skill level 5 in Stealth
  4003 | D:4      | Noticed Pikel
  4029 | D:4      | HP: 2/55 [Pikel (5)]
  4029 | D:4      | Slain by Pikel

Illustrated notes

Levels and vault maps discovered:
D:1:      dpeg_arrival_boxorama, layout_basic, ebering_ecumenical_altar_mist
D:2:      layout_loops_ring, minmay_door_square
D:3:      layout_basic, mainiacjoe_overflow_concentric_impassable,
          kennysheep_slug_shrine, serial_shops, nicolae_diamond_shop,
          minmay_box_of_dots, uniq_robin
D:4:      layout_basic, ashenzari_conservatory_becter,
          minmay_temple_entry_statues_fountains, uniq_pikel

Skill      XL: |  1  2  3  4  5  6 |
---------------+-------------------+-----
Fighting       | 1 2 |  2.6
Dodging        | 2 |  2.6
Stealth        | 4 5 |  5.2
Ice Magic      | 1 2 |  2.3
Armour         | 1 |  1.3
Spellcasting   | 3 |  3.1
Conjurations   | |  4.0

Action                   |  1- 3 |  4- 6 || total
-------------------------+-------+-------++-------
Melee: Dagger            |    20 |    39 ||    59
 Cast: Magic Dart        |    54 |    90 ||   144
       Searing Ray       |     1 |     5 ||     6
 Abil: Spit Poison       |     9 |    17 ||    26
  Use: Potion            |       |     5 ||     5
 Stab: Sleeping          |     3 |     3 ||     6
Armor: Robe              |    21 |    41 ||    62
Dodge: Dodged            |    18 |    30 ||    48
